[Event "Chessity Nationale Pupillendag 2018 - Groep H"]
[Site "Meppel, Netherlands"]
[Date "2018.06.23"]
[Round "1.1"]
[White "Formanoy, David"]
[Black "Terlouw, Wouter"]
[Result "0-1"]
[TimeControl "15 min + 10 sec"]
[WhiteElo "235"]
[BlackElo "878"]

1. e4 c5 2. Bc4 Nc6 3. Qf3 e6 4. Bb3 g6 5.
Qc3 Nf6 6. d3 Bg7 7. Nf3 O-O 8. O-O Nxe4 9. dxe4 Bxc3 10. bxc3 d6 11. g3 Qf6 12. Rd1 Qxf3 13. Rxd6 e5 14.
Nd2 Qxc3 15. Rb1 Bg4 16. Rd7 Bxd7 17. Rb2 Bg4 18. Nb1 Qf3 19. c3 Bh3 20. Nd2 Qg2+ 0-1

[Event "Chessity Nationale Pupillendag 2018 - Groep H"]
[Site "Meppel, Netherlands"]
[Date "2018.06.23"]
[Round "1.2"]
[White "Geldof, Max"]
[Black "Meskers, Babet"]
[Result "1-0"]
[TimeControl "15 min + 10 sec"]
[WhiteElo "642"]
[BlackElo "196"]

1. e4 e5 2. Nf3 Nc6 3. Nc3 Nf6 4. Bc4 Na5 5. b3 Nc6 6. d3 Bc5 7. O-O O-O 8. Bg5 h6 9.
Bh4 g5 10. Bg3 Ng4 11. h3 Nf6 12. Nxe5 Nxe5 13. Bxe5 Nh7 14. d4 Be7 15. Qd3 d6 16. Bg3 b5 17. Bxb5 c6 18. Bh2 Qc7 19. Bxc6 Ba6 20. Bxa8 Qxc3 21. Qxa6 1-0

[Event "Chessity Nationale Pupillendag 2018 - Groep H"]
[Site "Meppel, Netherlands"]
[Date "2018.06.23"]
[Round "2.1"]
[White "Terlouw, Wouter"]
[Black "Vermeij, Djurre"]
[Result "1-0"]
[TimeControl "15 min + 10 sec"]
[WhiteElo "878"]
[BlackElo "349"]

1. d4 d5 2. c4 dxc4 3. e3 Bf5 4. Bxc4 b5 5. Bxb5+ Bd7 6. Bc4 Nc6 7. Nc3 e6 8.
Nf3 Bb4 9. O-O Rb8 10. Bd2 Na5 11. Bb3 Rb6 12. Na4 Rd6 13. Bxb4 Rc6 14. Bxa5 Ra6 15. Bc3 Bxa4 16. Bxa4+ Ke7 17.
Qb3 Rb6 18. Bb4+ Kf6 19. Qc3 Ne7 20. d5+ Kf5 21. Qe5+ Kg6 22. Qg5+ 1-0

[Event "Chessity Nationale Pupillendag 2018 - Groep H"]
[Site "Meppel, Netherlands"]
[Date "2018.06.23"]
[Round "2.2"]
[White "Bronkhorst, Boaz"]
[Black "Geldof, Max"]
[Result "0-1"]
[TimeControl "15 min + 10 sec"]
[WhiteElo "324"]
[BlackElo "642"]

1. d4 d5 2. Nf3 Nf6 3. Qd3 Nc6 4. Bg5 g6 5. Bxf6 exf6 6. Nc3 Bf5 7.
Qd2 Bb4 8. Qe3+ Ne7 9. a3 Bd6 10. h3 g5 11. g4 Bf4 12. Qd2 Bxd2+ 13. Nxd2 Bxc2 14. h4 gxh4 15. Rxh4 f5 16. gxf5 Nxf5 17. Rg4 Nh6 18. Rf4 Qd6 19. Rf3 O-O-O 20. Bh3+ Kb8 21. Re3 Rhe8 22. Rf3 Be4 23. Rg3 f5 24. f3 f4 25. Rg4 Bf5 26. Rh4 Bxh3 27.
Rxh3 Qd7 28. Nb3 Qxh3 29. Kd2 b6 30. Rd1 a5 31.
a4 Rd6 32. Nb5 Rde6 33. Na1 Rxe2+ 34. Kc1 Re1 35. Kc2 Qg2+ 36. Kc1 Rxd1+ 37. Kxd1 Qe2+ 38. Kc1 Qe1+ 39. Kc2 Re2+ 40. Kb3 Qb4+ 41. Ka2 Qxb2# 0-1

[Event "Chessity Nationale Pupillendag 2018 - Groep H"]
[Site "Meppel, Netherlands"]
[Date "2018.06.23"]
[Round "3.1"]
[White "Huang, Luna"]
[Black "Terlouw, Wouter"]
[Result "1/2-1/2"]
[TimeControl "15 min + 10 sec"]
[WhiteElo "488"]
[BlackElo "878"]

1. e4 c5 2. Nf3 Nc6 3. Bc4 g6 4. c3 Bg7 5. d3 e6 6. Nbd2 Nge7 7. h3 O-O 8. O-O e5 9. Re1 d6 10. Nf1 Be6 11. Bxe6 fxe6 12. Ng3 d5 13. exd5 exd5 14. Bg5 Qd7 15. Qe2 Nc8 16. Rad1 Nb6 17.
b3 Rfe8 18. c4 d4 19. a4 Nb4 20. Bd2 Nc2 21. Rf1 Nxa4 22. bxa4 Qxa4 23. Ne4 b6 24. Bg5 Nb4 25. Ra1 Qc6 26.
Bd2 a5 27. Rfb1 Nc2 28. Ra2 Nb4 29.
Raa1 a4 30. Bxb4 cxb4 31. Rxb4 a3 32. Rb3 a2 33. Rxa2 Rxa2 34. Qxa2 Ra8 35. Ra3 Rxa3 36. Qxa3 Bf8 37. Qb3 Kg7 38.
Nxe5 Qe6 39. Nf3 Bd6 40. Nxd6 Qxd6 41. Qb2 Kf6 42. Nxd4 Kf7 43. Qc3 Qe5 44. Qb2 Qe1+ 45. Kh2 Qe5 46.
Kg1 Qe1+ 47. Kh2 Qe5 48. Kh1 Qe1 49. Kh2 Qe5 50. Kg1 Qe1+ 51. Kh2 Qe5 52. Kh1 Qe1 53. Kh2 Qe5 54. Kg1 Qe1+ 1/2-1/2

[Event "Chessity Nationale Pupillendag 2018 - Groep H"]
[Site "Meppel, Netherlands"]
[Date "2018.06.23"]
[Round "3.2"]
[White "Geldof, Max"]
[Black "Rooijakkers, Liam"]
[Result "1-0"]
[TimeControl "15 min + 10 sec"]
[WhiteElo "642"]
[BlackElo "523"]

1. e4 c5 2. Nc3 Nc6 3. Nf3 g6 4. Bc4 Bg7 5. d3 e6 6.
Bg5 Qc7 7. Nb5 Qa5+ 8. c3 h6 9. Bh4 Ne5 10. Nxe5 Bxe5 11. d4 cxd4 12. cxd4 Bc7+ 13. Nxc7+ Qxc7 14. O-O Qxc4 15. Qd2 Qc6 16.
Qa5 b6 17. Qa3 Qxe4 18. Qg3 Qxd4 19. Qh3 h5 20. Rad1 Qxb2 21. a4 Qb4 22. Ra1 Ne7 23. Bf6 O-O 24. Qe3 g5 25. Qxg5+ Ng6 26.
Qh6 Bb7 27. Qg7+ 1-0

[Event "Chessity Nationale Pupillendag 2018 - Groep H"]
[Site "Meppel, Netherlands"]
[Date "2018.06.23"]
[Round "4.1"]
[White "Thijsen, Freek"]
[Black "Geldof, Max"]
[Result "1-0"]
[TimeControl "15 min + 10 sec"]
[WhiteElo "610"]
[BlackElo "642"]

1. e4 e5 2. Nf3 Nc6 3. Bc4 Bc5 4. d3 d6 5. Ng5 d5 6. Bxd5 Nh6 7. O-O Bg4 8. Qe1 Bd4 9. c3 Bb6 10. Bxc6+ bxc6 11. Nd2 Qxg5 12. Nc4 Qg6 13. h3 Bxh3 14.
Ne3 Bxe3 15. g3 Bxf1 16. Qxf1 Bxc1 17. Rxc1 Ng4 18. f3 Ne3 19. Qe1 Qxg3+ 20. Qxg3 O-O 21. Re1 Nc2 22. Re2 Nd4 23.
cxd4 exd4 24. Rg2 g6 25. Qxc7 Rfc8 26. Qe5 Rab8 27.
Qxd4 c5 28. Qe5 Rb5 29. d4 a5 30. dxc5 Rcxc5 31. Qe8+ Kg7 32. Qe7 Rc1+ 33. Kh2 Rh5 34. Kg3 Rcc5 35. Rh2 Rcg5+ 36. Kf2 Rxh2+ 37. Ke3 Rgg2 38. a3 Re2+ 39. Kd4 Rd2+ 40. Ke3 Rhe2+ 41. Kf4 h6 42. Kg3 Rg2+ 43. Kf4 g5+ 44. Kf5 Rxb2 45. Qe5+ Kh7 46. Kf6 Rb6+ 47. Kxf7 Rg4 48.
Qg7 1-0

[Event "Chessity Nationale Pupillendag 2018 - Groep H"]
[Site "Meppel, Netherlands"]
[Date "2018.06.23"]
[Round "4.2"]
[White "Zoet, Wiebe"]
[Black "Huang, Luna"]
[Result "0-1"]
[TimeControl "15 min + 10 sec"]
[WhiteElo "392"]
[BlackElo "488"]

1. e4 e5 2. Bc4 Nf6 3. Bb3 Bc5 4. Qe2 d6 5. Qc4 Be6 6. Qd3 Nc6 7. Nf3 d5 8. exd5 Bxd5 9. c4 Be4 10. Qxd8+ Rxd8 11. Ng5 Bxg2 12.
Rg1 Be4 13. Nxe4 Nxe4 14. d3 Bxf2+ 15. Kf1 Bxg1 16. Kxg1 Rxd3 17. Bc2 Rd4 18. Be3 Rxc4 19. b3 Rxc2 20. Na3 Re2 21. Nc4 b5 22. Bc1 bxc4 23. bxc4 O-O 24. Rb1 Rxa2 25.
Bb2 Nd2 26. Rd1 Rxb2 27. c5 Rd8 28. Rc1 Rb1 29. Rxb1 Nxb1 30. Kg2 a5 31.
h3 a4 32. h4 a3 33. h5 a2 34. Kg3 a1=Q 35. Kg4 Qd4+ 36. Kg5 Qf4+ 0-1

[Event "Chessity Nationale Pupillendag 2018 - Groep H"]
[Site "Meppel, Netherlands"]
[Date "2018.06.23"]
[Round "5.1"]
[White "Gang, Kevin"]
[Black "Thijsen, Freek"]
[Result "1-0"]
[TimeControl "15 min + 10 sec"]
[WhiteElo "376"]
[BlackElo "610"]

1. e4 e5 2. Nf3 Nc6 3. Bc4 Bc5 4.
O-O Nf6 5. Nc3 O-O 6. d3 d6 7. Bg5 Bg4 8. Nd5 Bxf3 9. Qxf3 Nd4 10. Qd1 Re8 11. Bb5 c6 12. Nxf6+ gxf6 13. Bxf6 Qxf6 14. Bc4 b5 15. Bb3 Nxb3 16. cxb3 Re6 17. a3 Bd4 18.
Qg4+ Kh8 19. Qh5 Rg8 20. g3 Rg5 21. Qe2 Qf4 22. h4 Rg4 23. Kh1 Qf6 24. Qxg4 Bxf2 25. Rfc1 Qg6 26. Qxg6 fxg6 27.
Rxc6 Bxg3 28. Rf1 Bxh4 29. Rf7 Kg8 30. Rxa7 Rf6 31. Rcc7 h5 32.
Rc8+ Rf8 33. Rxf8+ Kxf8 34. Rb7 Bg5 35. Rb6 Bc1 36. Rxd6 Bxb2 37. Rxg6 Bxa3 38. Re6 Bb2 39. Rb6 b4 40. Rxb4 Bc3 41. Rc4 Bd4 42. Kh2 Kg7 43. Rc6 h4 44. Kh3 Bf2 45. b4 Bg3 46.
b5 Bf2 47. b6 Bxb6 48. Rxb6 Kh7 49. Kxh4 Kg7 50. Kh5 Kf7 51. Kg5 Ke7 52. Rh6 Kf7 53. Rf6+ Ke7 54. Ra6 Kd7 55. Rh6 Ke7 56. Kf5 Kf7 57. Rh7+ Kg8 58. Ra7 Kf8 59. Ke6 Kg8 60. Kf6 Kh8 61. Kg6 Kg8 62. Ra8+ 1-0

[Event "Chessity Nationale Pupillendag 2018 - Groep H"]
[Site "Meppel, Netherlands"]
[Date "2018.06.23"]
[Round "5.2"]
[White "Huang, Luna"]
[Black "Geldof, Max"]
[Result "1-0"]
[TimeControl "15 min + 10 sec"]
[WhiteElo "488"]
[BlackElo "642"]

1. e4 e5 2. Nf3 Nc6 3. Bc4 Bc5 4. Nc3 Nf6 5. d3 d6 6. Bg5 Bg4 7. h3 Bh5 8. Nd5 Nd4 9. g4 Bg6 10. c3 Nxf3+ 11. Qxf3 c6 12. Nxf6+ gxf6 13. Bxf6 Qb6 14.
Bxh8 Qxb2 15. O-O O-O-O 16. Bf6 Rd7 17. Rac1 Ba3 18. d4 exd4 19. Bxd4 Qxc1 20. Rxc1 Bxc1 21. Bxa7 b5 22. Bd3 Rxa7 23. Qd1 Bb2 24.
Qb3 Bc1 25. c4 bxc4 26. Qxc4 Kc7 27. Qxc1 d5 28. Qc5 Rxa2 29. Qe7+ Kb6 30. Qb4+ Kc7 31. Bb1 Ra1 32. f3 c5 33.
Qxc5+ Kb8 34. Qb6+ Kc8 35. Qc6+ Kb8 36. Qd6+ Kc8 37. Qc6+ Kb8 38. Qe8+ Kb7 39. Qd7+ Kb6 40. Qd6+ Ka7 41.
Qxd5 Rxb1+ 42. Kg2 Rb2+ 43. Kg3 Rb1 44. Qa2+ Kb6 45. Qxb1+ Kc5 46. Qd3 h6 47. Qd5+ Kb6 48. f4 Kc7 49.
f5 Bh7 50. e5 Bg8 51. e6 f6 52.
h4 Kc8 53. Qd7+ Kb8 54. Qd8+ Kb7 55.
Qxg8 h5 56. e7 Kb6 57. e8=Q hxg4 58. Kxg4 Kc5 59. Qd7 Kb4 60. Qgc8 Ka5 61. Qdb7 Ka4 62.
Qca8# 1-0

[Event "Chessity Nationale Pupillendag 2018 - Groep H"]
[Site "Meppel, Netherlands"]
[Date "2018.06.23"]
[Round "6.1"]
[White "Gang, Kevin"]
[Black "Huang, Luna"]
[Result "0-1"]
[TimeControl "15 min + 10 sec"]
[WhiteElo "376"]
[BlackElo "488"]

1. e4 e5 2. Nf3 Nc6 3. Bc4 Bc5 4. Nc3 Nf6 5. O-O d6 6. d3 Bg4 7. Bg5 h6 8. Bxf6 Qxf6 9. Nd5 Qd8 10.
h3 Bh5 11. Qd2 Bxf3 12. gxf3 Nd4 13. Qd1 c6 14. Nc3 Qg5+ 15. Kh1 Qh4 16. Kh2 Qf4 17. Kg2 h5 18. Rg1 g5 19. Kf1 Nxf3 20. Ne2 Nh2+ 21. Kg2 Qxf2+ 22. Kh1 Nf3 23. Rf1 Qh2 0-1

[Event "Chessity Nationale Pupillendag 2018 - Groep H"]
[Site "Meppel, Netherlands"]
[Date "2018.06.23"]
[Round "6.2"]
[White "Thijsen, Freek"]
[Black "Rooijakkers, Liam"]
[Result "1-0"]
[TimeControl "15 min + 10 sec"]
[WhiteElo "610"]
[BlackElo "523"]

1. e4 c5 2. Bc4 Nc6 3. Nf3 g6 4. Ng5 e6 5. O-O Bg7 6.
Nc3 Nge7 7. d3 O-O 8. Be3 b5 9. Bxb5 Qb6 10. Bxc6 Nxc6 11. Na4 Qd8 12. Nxc5 Bh6 13. Qd2 Bg7 14. g3 d5 15. exd5 Qxd5 16.
Rfe1 Bb7 17. c4 Qd6 18. Nxb7 Qc7 19. Nc5 Qd6 20. Nb3 Nb4 21. Bc5 Qxd3 22. Qxd3 Nxd3 23. Bxf8 Nxe1 24. Bxg7 Kxg7 25.
Rxe1 f6 26. Nxe6+ Kf7 27. Nc7 Rc8 28. Nb5 a6 29. Nd6+ Kg7 30. Nxc8 h5 31.
Nc5 a5 32. Ne6+ Kh6 33. Nc5 g5 34. Re8 Kg7 35. Nd6 Kg6 36. Ra8 f5 37. Rxa5 g4 38. b4 Kg5 39. b5 f4 40. gxf4+ Kxf4 41. b6 h4 42. b7 g3 43. fxg3+ hxg3 44. hxg3+ Kxg3 45.
b8=Q Kf3 46. Qf8+ Ke2 47. Qf2+ Kd1 48. Rb5 Kc1 49. Rb6 Kd1 50.
Rb1# 1-0

[Event "Chessity Nationale Pupillendag 2018 - Groep H"]
[Site "Meppel, Netherlands"]
[Date "2018.06.23"]
[Round "7.1"]
[White "Huang, Luna"]
[Black "Thijsen, Freek"]
[Result "1-0"]
[TimeControl "15 min + 10 sec"]
[WhiteElo "488"]
[BlackElo "610"]

1. e4 e5 2. Nf3 Nc6 3. Bc4 Bc5 4. Nc3 Nf6 5. d3 O-O 6. Bg5 h6 7. Bh4 d6 8. h3 Re8 9. Nd5 g5 10.
Bg3 Nxd5 11. exd5 Nb4 12. c3 Na6 13. b4 Bb6 14. O-O e4 15. dxe4 Rxe4 16. Bd3 Re7 17. Re1 Rxe1+ 18. Qxe1 Qf6 19. Rc1 c6 20. dxc6 bxc6 21.
Qe4 d5 22. Qe8+ Kg7 23. Be5 Bb7 24. Bxf6+ Kxf6 25. Qe5# 1-0

[Event "Chessity Nationale Pupillendag 2018 - Groep H"]
[Site "Meppel, Netherlands"]
[Date "2018.06.23"]
[Round "7.2"]
[White "Zecha, Oscar"]
[Black "Terlouw, Wouter"]
[Result "1-0"]
[TimeControl "15 min + 10 sec"]
[WhiteElo "582"]
[BlackElo "878"]

1. d4 d5 2. Nf3 Nc6 3.
Nc3 Nf6 4. Bf4 Bf5 5. e3 a6 6.
Bd3 Bg4 7. O-O e6 8. h3 Bh5 9.
Re1 Bb4 10. a3 Ba5 11. b4 Bb6 12. Na4 O-O 13. Nxb6 cxb6 14. c4 Re8 15. b5 axb5 16. cxb5 Na5 17. Rc1 Rc8 18. Be2 Qd7 19. Ne5 Bxe2 20. Qxe2 Qe7 21.
Rc2 Qxa3 22. Rec1 Rxc2 23. Rxc2 h6 24. Rc7 Rf8 25. Qc2 Qb4 26. Rc8 Rxc8 27. Qxc8+ Kh7 28. Nxf7 Ng8 29. Qxe6 Qxb5 30.
Qf5 g6 31. Qe5 Qb1+ 32. Kh2 g5 33.
Qh8 Kg6 34. Qxg8+ Kf5 35. Qh7+ Kf6 36. Qxb1 Kxf7 37. Qh7+ Kf6 38. Be5+ Ke6 39. Qg6+ Ke7 40. Qf6+ Kd7 41. Qd6+ Ke8 42.
Bf6 Nc6 43. Qe6+ Kf8 44. Qc8+ Kf7 45. Qxb7+ Kxf6 46. Qxc6+ Kg7 47. Qxb6 Kh7 48. Kg3 Kg7 49. Kg4 Kh7 50. Kf5 Kg7 51.
Qg6+ Kf8 52. Qh7 Ke8 53. Ke6 h5 54. Qe7# 1-0